 Dungeon Crawl Stone Soup version 0.29.0-4-gdea44cf6ec (webtiles) character file.

Game seed: 15018048122065046433

51 qw the Chopper (level 3, -1/21 HPs)
             Began as a Tengu Warper on Aug 28, 2022.
             Slain by Terence
             ... wielding a +0 short sword
              (2 damage)
             ... on level 2 of the Dungeon.
             The game lasted 00:00:09 (1262 turns).

qw the Chopper (Tengu Warper)                       Turns: 1262, Time: 00:00:09

Health: -1/21      AC:  6    Str: 13    XL:     3   Next: 83%
Magic:  7/7        EV: 11    Int: 13    God:
Gold:   48         SH:  0    Dex: 19    Spells: 6/6 levels left

rFire   . . .      SeeInvis .   Y - +0 hand axe
rCold   . . .      Faith    .   (no shield)
rNeg    . . .      Spirit   .   i - +0 ring mail
rPois   .          Reflect  .   (helmet restricted)
rElec   .          Harm     .   (no cloak)
rCorr   .          Rampage  .   g - +0 pair of gloves
Will    .....                   (boots unavailable)
Stlth   +.........              (no amulet)
HPRegen 0.07/turn               o - +6 ring of dexterity
MPRegen 0.10/turn               (no ring)

@: no status effects
A: beak, talons 3
a: no special abilities


You were on level 2 of the Dungeon.
You visited 1 branch of the dungeon, and saw 2 of its levels.

You collected 108 gold pieces.
You spent 60 gold pieces at shops.


Innate Abilities, Weirdness & Mutations

You have a beak for a mouth.
You have claws for feet.


   Skills:
 - Level 2.0 Fighting
 + Level 4.4 Axes
 - Level 1.0 Throwing
 - Level 1.1 Armour
 - Level 2.1 Dodging
 - Level 2.0 Spellcasting
 - Level 2.4 Translocations


You had 6 spell levels left.
You didn't know any spells.
Your spell library contained the following spells:

 Spells                   Type           Power      Damage    Failure   Level
 Blink                    Tloc           14%        N/A       30%         2
 Gell's Gravitas          Tloc           7%         N/A       52%         3
 Lesser Beckoning         Tloc           7%         N/A       52%         3
 Teleport Other           Tloc           7%         N/A       52%         3
 Manifold Assault         Tloc           7%         N/A       99%         5

Inventory:

Hand Weapons
 p - a +0 mace
 Y - a +0 hand axe (weapon)
Armour
 g - a +0 pair of gloves (worn)
 i - a +0 ring mail (worn)
Jewellery
 o - a +6 ring of dexterity (left hand)
Scrolls
 a - a scroll of identify
Potions
 j - a potion of might {unknown}
 l - a potion of haste {unknown}
 m - a potion of degeneration {unknown}

Dungeon Overview and Level Annotations

Branches:
Dungeon (2/15)

Altars:

Shops:
D:1 (

Annotations:
D:2 Robin, Terence


Message History

The hobgoblin shouts!
You hit Terence but do no damage. You claw Terence, but do no damage.
Terence is heavily wounded.
You barely miss Robin.
You hear a shout! x5
Terence hits you with a +0 short sword. Robin completely misses you.
You hit Terence but do no damage. You claw Terence, but do no damage.
Terence is heavily wounded.
You hit Robin.
A goblin comes into view. It is wielding a +0 dagger.
Terence hits you with a +0 short sword.
You closely miss Terence. Your kick misses Terence.
Terence is heavily wounded.
You barely miss Robin. You barely miss the hobgoblin.
Terence hits you but does no damage. The hobgoblin barely misses you.
A goblin comes into view. It is wielding a +0 dagger.
Robin barely misses you.
You hit Terence but do no damage.
Terence is moderately wounded.
You barely miss Robin. You hit the hobgoblin. Terence barely misses you.
The hobgoblin closely misses you.
Robin roars a battlecry!
The goblins go into a battle-frenzy!
You hear a shout!
You hit the hobgoblin.
You kill the hobgoblin!
You hit Terence but do no damage. You hit Robin.
Terence hits you with a +0 short sword. Robin hits you but does no damage.
You barely miss Terence. You claw Terence, but do no damage.
Terence is moderately wounded.
You hit Robin but do no damage. You hit the goblin.
You kill the goblin!
Terence barely misses you. Robin barely misses you.
You hit Terence.
Terence is severely wounded.
You hit the goblin.
You kill the goblin!
You barely miss the goblin. You hit Robin but do no damage.
Terence hits you with a +0 short sword.
You die...

###### .## .....##...
.......#### ...... ..#
##...# #.# ##....#
###.# #...#####...##
##g#..........#
#@g+..........###
#@)#............#
#..g...##.....#.####.##
#......###.##.#.# #..#
#......# #.##.#.# ##.#
##.....# #....#.# #..
##..#.# #############.
#..#.# #<##}#}#}#.
#..#.# #.%..._....


You could see Terence, Robin and a goblin (strong).

Vanquished Creatures
  A gnoll (D:1)
  A worm (D:2)
  2 dart slugs (D:1)
  2 bats
  An endoplasm (D:1)
  2 giant cockroaches (D:1)
  5 goblins
  3 hobgoblins
  4 jackals (D:1)
  3 quokkas
  3 ball pythons (D:1)
  2 frilled lizards
  3 rats (D:1)
32 creatures vanquished.

Notes
Turn   | Place    | Note
-------+----------+-------------------------------------------
     0 | D:1      | qw the Tengu Warper began the quest for the Orb.
     0 | D:1      | Reached XP level 1. HP: 12/12 MP: 4/4
     0 | D:1      | 0 ||| qw: Version: 0.1-a-89-g26bdef1
     0 | D:1      | 0 ||| qw: Game counter: 2595
     0 | D:1      | 0 ||| qw: Always use a shield: true
     0 | D:1      | 0 ||| qw: God list: Okawaru
     0 | D:1      | 0 ||| qw: Allow faded altars: false
     0 | D:1      | 0 ||| qw: Do Orc after D:15 true
     0 | D:1      | 0 ||| qw: Do second Lair branch before Depths: true
     0 | D:1      | 0 ||| qw: Lair rune preference: random
     0 | D:1      | 0 ||| qw: Plans: Normal
     0 | D:1      | 0 ||| PLANNING D:1-11
    13 | D:1      | 13 ||| Stepping ~*~*~tactically~*~*~ (hiding).
    14 | D:1      | 14 ||| Stepping ~*~*~tactically~*~*~ (hiding).
   107 | D:1      | 107 ||| Stepping ~*~*~tactically~*~*~ (stealth).
   109 | D:1      | 109 ||| Stepping ~*~*~tactically~*~*~ (stealth).
   124 | D:1      | Reached XP level 2. HP: 15/17 MP: 6/6
   158 | D:1      | 158 ||| Stepping ~*~*~tactically~*~*~ (stealth).
   160 | D:1      | 160 ||| Stepping ~*~*~tactically~*~*~ (stealth).
   165 | D:1      | Reached skill level 3 in Axes
   197 | D:1      | 197 ||| Stepping ~*~*~tactically~*~*~ (stealth).
   653 | D:1      | Reached skill level 4 in Axes
   653 | D:1      | Reached XP level 3. HP: 19/21 MP: 7/7
   822 | D:1      | 822 ||| Stepping ~*~*~tactically~*~*~ (stealth).
   836 | D:1      | 836 ||| Stepping ~*~*~tactically~*~*~ (stealth).
   999 | D:1      | Found Ifusejuo's Antique Weapon Shoppe.
  1023 | D:1      | 1023 ||| SHOPLISTING glowing flail (130 gold, have 81).
  1023 | D:1      | 1023 ||| SHOPLISTING glowing morningstar (140 gold, have
                  | 81).
  1023 | D:1      | 1023 ||| BUYING mace (60 gold).
  1023 | D:1      | Bought a mace for 60 gold pieces
  1023 | D:1      | 1023 ||| DROPPING +0 club.
  1146 | D:1      | 1146 ||| UPGRADING to +0 pair of gloves.
  1151 | D:1      | 1151 ||| UPGRADING to +0 ring mail.
  1161 | D:1      | 1161 ||| DROPPING +0 leather armour.
  1162 | D:1      | 1162 ||| UPGRADING to +6 ring of dexterity.
  1163 | D:1      | 1163 ||| READING scroll labelled WUCITY DOEH.
  1164 | D:1      | 1164 ||| READING scroll labelled SIUSME ZACHE.
  1165 | D:1      | 1165 ||| READING scroll labelled RASETH TEVVUSK.
  1166 | D:1      | 1166 ||| READING scroll labelled KITAPR IMUSKA.
  1167 | D:1      | 1167 ||| READING scroll labelled RUF TUOTZUAGRE.
  1168 | D:1      | 1168 ||| DROPPING scroll of blinking.
  1183 | D:2      | Found a faded altar of an unknown god.
  1231 | D:2      | 1231 ||| Stepping ~*~*~tactically~*~*~ (stealth).
  1246 | D:2      | Noticed Terence
  1247 | D:2      | 1247 ||| Stepping ~*~*~tactically~*~*~ (stealth).
  1253 | D:2      | Noticed Robin
  1260 | D:2      | HP: 1/21 [Terence/+0 short sword (5)]
  1262 | D:2      | Slain by Terence

Levels and vault maps discovered:
D:1:      minmay_arrival_shattered_statue, layout_rooms, serial_shops,
          nicolae_lakefront_shop
D:2:      layout_basic, ebering_ecumenical_altar_hall, hangedman_decor_riveting,
          minmay_misc_feat_hallway, minmay_rat_gold_closets, uniq_robin,
          uniq_jessica, uniq_terence

Skill      XL: |  1  2 |
---------------+-------+-----
Axes           | 4 |  4.4
Fighting       | |  2.0
Throwing       | |  1.0
Armour         | |  1.1
Dodging        | |  2.1
Spellcasting   | |  2.0
Translocations | |  2.4

Action                   || total
-------------------------++-------
Melee: Hand axe          ||    88
       Kick              ||    23
       Peck              ||    11
       Punch             ||     1
Throw: Boomerang         ||     7
  Use: Scroll            ||     5
Armor: Leather armour    ||     9
       Ring mail         ||     7
Dodge: Dodged            ||    49

Table legend:
 A = Non-vault XP
 B = Vault XP
 C = Vault XP percentage of total XP
 D = Non-vault monster count
 E = Vault monster count
 F = Vault count percentage of total count
                 A         B        C        D         E       F
            +---------+---------+-------+---------+---------+-------
      Total |      70 |       6 |   7.9 |      29 |       3 |   9.4
            +---------+---------+-------+---------+---------+-------
        D:1 |      60 |       0 |   0.0 |      25 |       0 |   0.0
        D:2 |      10 |       6 |  37.5 |       4 |       3 |  42.9
            +---------+---------+-------+---------+---------+-------
